 Dungeon Crawl Stone Soup version 0.29.1-2-gbd0b4ee654 (webtiles) character file.

Game seed: 2143506934321167719

2219 zeram the Shield-Bearer (level 9, 0/74 HPs)
             Began as a Gnoll Fighter on Nov 16, 2022.
             Was an Initiate of Gozag.
             Slain by a wyvern (14 damage)
             ... on level 7 of the Dungeon.
             The game lasted 00:08:31 (6872 turns).

zeram the Shield-Bearer (Gnoll Fighter)             Turns: 6872, Time: 00:08:33

Health: 0/74       AC: 14    Str: 20    XL:     9   Next: 35%
Magic:  15/15      EV:  8    Int:  7    God:    Gozag
Gold:   382        SH: 11    Dex: 18    Spells: 14/16 levels left

rFire   + . .      SeeInvis .   a - +3 war axe (vorpal)
rCold   . . .      Faith    .   c - +0 buckler
rNeg    . . .      Spirit   .   s - +1 plate armour
rPois   .          Reflect  +   (no helmet)
rElec   .          Harm     .   t - scarf {+Inv}
rCorr   .          Rampage  .   (no gloves)
Will    .....                   (no boots)
Stlth   ..........              u - amulet of reflection
HPRegen 0.22/turn               k - +6 ring of dexterity
MPRegen 0.14/turn               l - ring of protection from fire

@: no status effects
A: fangs 1, strong nose, distributed training
a: Renounce Religion, Evoke Invisibility, Potion Petition, Call Merchant, Bribe
Branch


You were on level 7 of the Dungeon.
You worshipped Gozag.
Gozag was aware of your devotion.
You visited 2 branches of the dungeon, and saw 8 of its levels.

You collected 464 gold pieces.
You paid 82 gold pieces to Gozag.

Inventory:

Hand Weapons
 a - a +3 vorpal war axe (weapon)
Armour
 b - a +0 scale mail
 c - a +0 buckler (worn)
 s - a +1 plate armour (worn)
 t - a scarf of invisibility (worn)
Jewellery
 h - a ring of ice
 j - a +6 ring of strength
 k - a +6 ring of dexterity (left hand)
 l - a ring of protection from fire (right hand)
 r - a +6 ring of intelligence
 u - an amulet of reflection (around neck)
 B - a ring of ice
Wands
 m - a wand of roots (10)
 w - a wand of flame (12)
Scrolls
 g - a scroll of vulnerability
 C - a scroll of fear
Potions
 d - a potion of might
 e - a potion of resistance
 f - 3 potions of mutation
 n - a potion of invisibility {unknown}
 o - 2 potions of curing
 p - a potion of attraction {unknown}
 q - a potion of degeneration {unknown}
 v - a potion of brilliance
 x - a potion of flight {unknown}
 z - 2 potions of ambrosia {unknown}
 A - 3 potions of heal wounds


   Skills:
 + Level 7.9 Fighting
 + Level 4.3 Short Blades
 + Level 4.3 Long Blades
 + Level 6.3 Axes
 + Level 4.3 Maces & Flails
 + Level 4.3 Polearms
 + Level 4.3 Staves
 + Level 4.3 Ranged Weapons
 + Level 4.3 Throwing
 + Level 7.9 Armour
 + Level 4.3 Dodging
 + Level 4.3 Stealth
 + Level 7.9 Shields
 + Level 4.3 Unarmed Combat
 + Level 4.3 Spellcasting
 + Level 3.5 Conjurations
 + Level 3.5 Hexes
 + Level 3.5 Summonings
 + Level 3.5 Necromancy
 + Level 3.5 Translocations
 + Level 3.5 Transmutations
 + Level 3.5 Fire Magic
 + Level 3.5 Ice Magic
 + Level 3.5 Air Magic
 + Level 3.5 Earth Magic
 + Level 3.5 Poison Magic
 + Level 4.7 Invocations
 + Level 4.3 Evocations


You had 14 spell levels left.
You knew the following spells:

 Your Spells              Type           Power      Damage    Failure   Level
a - Call Imp              Summ           6%         N/A       95%         2

Your spell library contained the following spells:

 Spells                   Type           Power      Damage    Failure   Level
 Magic Dart               Conj           24%        1d4       87%         1
 Slow                     Hex            24%        N/A       87%         1
 Confusing Touch          Hex            6%         N/A       99%         3
 Gell's Gravitas          Tloc           6%         N/A       99%         3
 Inner Flame              Hex/Fire       6%         N/A       99%         3
 Mephitic Cloud           Conj/Pois/Air  6%         N/A       99%         3
 Teleport Other           Tloc           6%         N/A       99%         3
 Vampiric Draining        Necr           6%         2d6       99%         3
 Cause Fear               Hex            3%         N/A       100%        4
 Dispersal                Tloc           3%         N/A       100%        6
 Discord                  Hex            3%         N/A       100%        8


Dungeon Overview and Level Annotations

Branches:
Dungeon (7/15)             Temple (1/1) D:5

Altars:
Ashenzari
Cheibriados
Dithmenos
Elyvilon
Fedhas
Gozag
Hepliaklqana
Kikubaaqudgha
Makhleb
Okawaru
Qazlal
Ru
Trog
Uskayaw
Vehumet
Wu Jian
Xom
Zin
The Shining One

Shops:
D:4 (


Innate Abilities, Weirdness & Mutations

You have very sharp teeth.
Your uncanny sense of smell can sniff out nearby items.
Your experience applies equally to all skills.


Message History

The komodo dragon is severely wounded.
The komodo dragon bites you.
You barely miss the komodo dragon.
The komodo dragon is severely wounded.
The komodo dragon bites you!!
* * * LOW HITPOINT WARNING * * *
The komodo dragon closely misses you.
You are too injured to fight recklessly!
As you read the scroll of teleportation, it crumbles to dust.
You feel strangely unstable.
The komodo dragon bites you but does no damage.
The komodo dragon attacks as you move away!
The komodo dragon bites you.
* * * LOW HITPOINT WARNING * * *
Your surroundings suddenly seem different.
You start resting.
A wyvern comes into view.
Aiming: Throw Flame
Press: ? - help, Shift-Dir - straight line, f - wyvern
Aim: a wyvern (wandering, hasn't noticed you, 74% to hit)
The puff of flame hits the wyvern.
The wyvern is lightly wounded.
The wyvern hisses angrily.
Aiming: Throw Flame
Press: ? - help, Shift-Dir - straight line, f/p - wyvern
Aim: a wyvern (lightly wounded, 74% to hit)
The puff of flame hits the wyvern.
The wyvern is lightly wounded.
Aiming: Throw Flame
Press: ? - help, Shift-Dir - straight line, f/p - wyvern
Aim: a wyvern (lightly wounded, 74% to hit)
The puff of flame hits the wyvern.
The wyvern is moderately wounded.
You barely miss the wyvern.
The wyvern is moderately wounded.
The wyvern bites you.
* * * LOW HITPOINT WARNING * * *
The wyvern bites you!
You die...
Your body crumbles into a pile of gold.

# ..#
###...#
##.....#
#@l.#
#...##
#....#
......#
####....
###...
... ...#


You could see a wyvern.

Vanquished Creatures
  A steam dragon (D:6)
  2 water moccasins
  An ice beast (D:5)
  2 black bears
  2 ogres
  2 phantoms
  2 bullfrogs
  Blork the orc (D:5)
  A necrophage (D:6)
  6 scorpions
  2 hounds (D:4)
  3 orc priests (D:6)
  3 jellies
  3 iguanas
  Ijyb (D:3)
  4 orc wizards
  4 adders
  A shadow imp (D:5)
  2 worms
  3 dart slugs
  18 orcs
  8 ball pythons
  4 bats
  4 endoplasms
  2 giant cockroaches
  7 goblins
  6 hobgoblins
  4 jackals (D:2)
  4 quokkas
  4 frilled lizards
  10 kobolds
  11 rats
128 creatures vanquished.

Vanquished Creatures (collateral kills)
  An ogre (D:5)
1 creature vanquished.

Grand Total: 129 creatures vanquished

Notes
Turn   | Place    | Note
-------+----------+-------------------------------------------
     0 | D:1      | zeram the Gnoll Fighter began the quest for the Orb.
     0 | D:1      | Reached XP level 1. HP: 23/23 MP: 1/1
     3 | D:1      | Noticed an electric eel
     4 | D:1      | Noticed an electric eel
   268 | D:1      | Reached XP level 2. HP: 29/29 MP: 2/2
  1188 | D:2      | Reached XP level 3. HP: 31/35 MP: 3/3
  1446 | D:2      | Found a faded altar of an unknown god.
  1451 | D:2      | Reached skill level 1 in Invocations
  1469 | D:2      | Reached skill level 1 in Short Blades
  1469 | D:2      | Reached skill level 1 in Long Blades
  1469 | D:2      | Reached skill level 1 in Maces & Flails
  1469 | D:2      | Reached skill level 1 in Polearms
  1469 | D:2      | Reached skill level 1 in Staves
  1469 | D:2      | Reached skill level 1 in Ranged Weapons
  1469 | D:2      | Reached skill level 1 in Throwing
  1469 | D:2      | Reached skill level 1 in Dodging
  1469 | D:2      | Reached skill level 1 in Stealth
  1469 | D:2      | Reached skill level 1 in Unarmed Combat
  1469 | D:2      | Reached skill level 1 in Spellcasting
  1469 | D:2      | Reached skill level 1 in Evocations
  1759 | D:3      | Reached XP level 4. HP: 41/41 MP: 5/5
  2097 | D:3      | Reached skill level 1 in Conjurations
  2097 | D:3      | Reached skill level 1 in Hexes
  2097 | D:3      | Reached skill level 1 in Summonings
  2097 | D:3      | Reached skill level 1 in Necromancy
  2097 | D:3      | Reached skill level 1 in Translocations
  2097 | D:3      | Reached skill level 1 in Transmutations
  2097 | D:3      | Reached skill level 1 in Fire Magic
  2097 | D:3      | Reached skill level 1 in Ice Magic
  2097 | D:3      | Reached skill level 1 in Air Magic
  2097 | D:3      | Reached skill level 1 in Earth Magic
  2097 | D:3      | Reached skill level 1 in Poison Magic
  2138 | D:3      | Noticed Ijyb
  2147 | D:3      | Killed Ijyb
  2546 | D:3      | Reached XP level 5. HP: 47/47 MP: 7/7
  2857 | D:4      | Reached XP level 6. HP: 44/53 MP: 8/8
  2920 | D:4      | Noticed a black bear
  2925 | D:4      | Killed a black bear
  2926 | D:4      | Reached skill level 5 in Axes
  2940 | D:4      | Found Aniapt's Weapon Boutique.
  3333 | D:4      | Learned a level 2 spell: Call Imp
  3350 | D:5      | Entered Level 5 of the Dungeon
  3454 | D:5      | Reached XP level 7. HP: 37/60 MP: 10/10
  3777 | D:5      | Noticed Blork the orc
  3779 | D:5      | HP: 3/60 [ogre/+0 giant spiked club (26)]
  3781 | D:5      | HP: 1/54 [Blork the orc/+0 mace (2)]
  3790 | D:5      | Killed Blork the orc
  4094 | D:5      | Reached XP level 8. HP: 38/67 MP: 12/12
  4581 | D:5      | Noticed a yak
  4582 | D:5      | Noticed a troll
  4652 | D:5      | Found a staircase to the Ecumenical Temple.
  4659 | Temple   | Entered the Ecumenical Temple
  4848 | Temple   | Became a worshipper of Gozag Ym Sagoz the Greedy
  5696 | D:6      | Reached XP level 9. HP: 53/73 MP: 14/14
  5836 | D:6      | Found a shadowy altar of Dithmenos.
  6088 | D:6      | Found a burning altar of Makhleb.
  6094 | D:6      | Found a hide-covered altar of Uskayaw.
  6832 | D:7      | Noticed a komodo dragon
  6872 | D:7      | Slain by a wyvern

Illustrated notes

Levels and vault maps discovered:
D:1:      arrival_aquarium_b, layout_basic
D:2:      layout_rooms, dreamdust_ecumenical_altar_statues
D:3:      layout_loops_ring, minmay_misc_feat_iff, guppyfry_early_orc_mine,
          uniq_ijyb
D:4:      layout_gridville, serial_shops, nicolae_shop_statue_plus
D:5:      layout_loops_ring, minmay_temple_entry_enclosed_plants,
          portal_sewer_entry_b, lightli_corner_chamber, uniq_blork_the_orc
D:6:      layout_loops_corners, mainiacjoe_overflow_alcove_1, minitemple
D:7:      layout_layer_cave, ebering_ghost_disaster_area,
          minmay_misc_feat_pillars, kennysheep_small_square
Temple:   nicolae_temple_bog_church

Skill      XL: |  1  2  3  4  5  6  7  8  9 |
---------------+----------------------------+-----
Invocations    | 1 2 3 4 |  4.7
Short Blades   | 1 2 3 4 |  4.3
Long Blades    | 1 2 3 4 |  4.3
Maces & Flails | 1 2 3 4 |  4.3
Polearms       | 1 2 3 4 |  4.3
Staves         | 1 2 3 4 |  4.3
Ranged Weapons | 1 2 3 4 |  4.3
Throwing       | 1 2 3 4 |  4.3
Dodging        | 1 2 3 4 |  4.3
Stealth        | 1 2 3 4 |  4.3
Unarmed Combat | 1 2 3 4 |  4.3
Spellcasting   | 1 2 3 4 |  4.3
Evocations     | 1 2 3 4 |  4.3
Conjurations   | 1 2 3 |  3.5
Hexes          | 1 2 3 |  3.5
Summonings     | 1 2 3 |  3.5
Necromancy     | 1 2 3 |  3.5
Translocations | 1 2 3 |  3.5
Transmutations | 1 2 3 |  3.5
Fire Magic     | 1 2 3 |  3.5
Ice Magic      | 1 2 3 |  3.5
Air Magic      | 1 2 3 |  3.5
Earth Magic    | 1 2 3 |  3.5
Poison Magic   | 1 2 3 |  3.5
Axes           | 5 6 |  6.3
Fighting       | 7 |  7.9
Armour         | 7 |  7.9
Shields        | 7 |  7.9

Action                   |  1- 3 |  4- 6 |  7- 9 || total
-------------------------+-------+-------+-------++-------
Melee: War axe           |   102 |    95 |   171 ||   368
       Bite              |     7 |     3 |    15 ||    25
 Abil: Evoke Invisibilit |       |       |     1 ||     1
Evoke: Wand              |       |       |     3 ||     3
  Use: Scroll            |     2 |     8 |     8 ||    18
       Potion            |       |     1 |     2 ||     3
 Stab: Invisible         |       |       |     2 ||     2
Armor: Scale mail        |    46 |       |       ||    46
       Plate armour      |     6 |    60 |    92 ||   158
Dodge: Dodged            |    46 |    21 |    36 ||   103
Block: Buckler           |    33 |    21 |    79 ||   133
